 Dungeon Crawl Stone Soup version 0.28.0 (webtiles) character file.

Game seed: 5536097642195189211

223 SnakkuSnakku7 the Skirmisher (level 6, -4/57 HPs)
             Began as a Hill Orc Fighter on Feb 16, 2022.
             Slain by Blork the orc (9 damage)
             ... on level 6 of the Dungeon.
             The game lasted 00:03:27 (2349 turns).

SnakkuSnakku7 the Skirmisher (Hill Orc Fighter)     Turns: 2349, Time: 00:03:27

Health: -4/57      AC:  9    Str: 21    XL:     6   Next: 0%
Magic:  6/6        EV:  9    Int:  8    God:
Gold:   52         SH:  4    Dex: 10    Spells: 5/5 levels left

rFire   . . .      SeeInvis .   a - +0 war axe
rCold   . . .      Faith    .   c - +0 buckler
rNeg    . . .      Spirit   .   o - +0 scale mail
rPois   .          Reflect  .   n - +0 helmet
rElec   .          Harm     .   (no cloak)
rCorr   .          Rampage  .   m - +0 pair of gloves
Will    .....                   (no boots)
Stlth   ..........              (no amulet)
HPRegen 0.19/turn               (no ring)
MPRegen 0.10/turn               (no ring)

@: no status effects
A: no striking features
a: no special abilities


You were on level 6 of the Dungeon.
You visited 1 branch of the dungeon, and saw 4 of its levels.

You collected 52 gold pieces.

Inventory:

Hand Weapons
 a - a +0 war axe (weapon)
 b - a +2 short sword of venom
Armour
 c - a +0 buckler (worn)
 k - a +0 tower shield
 m - a +0 pair of gloves (worn)
 n - a +0 helmet (worn)
 o - a +0 scale mail (worn)
Wands
 p - a wand of flame (13)
Scrolls
 g - 3 scrolls of enchant weapon {unknown}
 i - a scroll of blinking {unknown}
 j - a scroll of teleportation {unknown}
Potions
 d - 2 potions of might
 e - 2 potions of brilliance
 f - a potion of flight {unknown}
 h - 2 potions of curing {unknown}
 l - a potion of heal wounds {unknown}


   Skills:
 + Level 6.0 Fighting
 + Level 5.9 Axes
 - Level 3.2 Armour
 - Level 3.2 Shields


You had 5 spell levels left.
You didn't know any spells.
Your spell library contained the following spells:

 Spells                   Type           Power      Damage    Failure   Level
 Foxfire                  Conj/Fire      0%         2x1d4     83%         1
 Conjure Flame            Conj/Fire      0%         6-21      99%         3
 Inner Flame              Hex/Fire       0%         N/A       99%         3
 Flame Wave               Conj/Fire      0%         2d4       100%        4


Dungeon Overview and Level Annotations

Branches:
Dungeon (3/15)

Altars:
Fedhas

Shops:
D:2 *

Annotations:
D:6 Blork the orc


Message History

The gnoll barely misses you.
The bullfrog skeleton hits you but does no damage.
You slash the bullfrog skeleton!
You destroy the bullfrog skeleton!
You block the gnoll's attack.
The gnoll hits you from afar with a +0 halberd!
* * * LOW HITPOINT WARNING * * *
Your Fighting skill increases to level 6!
You have reached level 6!
Really walk into that dispersal trap?
You enter a dispersal trap!
The gnoll blinks! x3; You blink.
The gnoll closely misses you.
You hear the slow hiss of a very distant avalanche of sand.
Found a stone staircase leading down.
An orc comes into view.
It is wielding a +2 hand axe of flaming.
The orc shouts!
The gnoll hits you but does no damage. You block the gnoll's attack.
The gnoll closely misses you.
Found a copper wand.
You see here a wand of flame (13).
p - a wand of flame (13)
The gnoll misses you.
You hear the slow hiss of a very distant avalanche of sand.
Found a club.
You see here a +0 club.
Blork the orc comes into view.
He is wielding a +0 war axe.
Found 4 poisoned darts.
Found a stone staircase leading down.
Blork the orc shouts!
Blork the orc drinks a potion.
Blork the orc's spells are empowered!
Blork the orc points at you and mumbles some strange words.
The magic dart hits you!
* * * LOW HITPOINT WARNING * * *
Blork the orc gestures at you while chanting.
The puff of frost hits you!
* * * LOW HITPOINT WARNING * * *
Blork the orc gestures wildly while chanting.
Blork the orc seems to speed up.
You block the gnoll's attack.
Blork the orc hits you with a +0 war axe!
You die...

...##.##..g...#
#..##.#####.#.######
...##.#####.#.go.o.#
#g###.......#..###.#
#.# #####...#..# #.#
#o# ###8....#.###.#
#.# ...............#
#g#.......>.8.##.###
#.#...........##@#
#.#.....8....###o#
#.#.........####.##
g.#......#### #.g.#
### #.### ###g..###
#.# ###.......#
#####.# #..o......#
..o.o.#####o#.>.....#
.#....g..##.###.(.###


You could see Blork the orc (fast, empowered) and 2 gnolls.

Vanquished Creatures
  A centaur zombie (D:6)
  A bullfrog skeleton (D:6)
  A hound (D:3)
  An orc wizard (D:3)
  5 adders
  A dart slug (D:1)
  5 orcs
  4 bats
  3 endoplasms
  3 giant cockroaches
  2 goblins (D:1)
  7 hobgoblins
  2 quokkas
  3 ball pythons
  11 frilled lizards
  3 kobolds
  7 rats
60 creatures vanquished.

Notes
Turn   | Place    | Note
-------+----------+-------------------------------------------
     0 | D:1      | SnakkuSnakku7 the Hill Orc Fighter began the quest for the
                  | Orb.
     0 | D:1      | Reached XP level 1. HP: 19/19 MP: 1/1
    59 | D:1      | Reached XP level 2. HP: 22/27 MP: 2/2
    60 | D:1      | Reached skill level 4 in Fighting
   162 | D:1      | Found a faded altar of an unknown god.
   718 | D:2      | Reached XP level 3. HP: 16/34 MP: 3/3
   983 | D:2      | Reached XP level 4. HP: 33/41 MP: 4/4
  1091 | D:2      | Found Ysedghiq's General Store.
  1283 | D:2      | Found a blossoming altar of Fedhas.
  1791 | D:3      | Reached skill level 5 in Fighting
  2033 | D:3      | Reached skill level 5 in Axes
  2070 | D:3      | Reached XP level 5. HP: 42/48 MP: 5/5
  2229 | D:3      | You fall into a shaft and drop 3 floors!
  2251 | D:6      | Reached skill level 6 in Fighting
  2251 | D:6      | Reached XP level 6. HP: 8/57 MP: 6/6
  2341 | D:6      | Noticed Blork the orc
  2349 | D:6      | Slain by Blork the orc

Illustrated notes

Levels and vault maps discovered:
D:1:      minmay_arrival_four_houses, layout_loops_cross,
          shapermc_ecumenical_altar_mp_highgroup, minmay_lizard_pond
D:2:      layout_basic, basic_altar, serial_shops, nicolae_diamond_shop,
          minmay_stone_trees_medium, chequers_serial_rivers_micro_d,
          minmay_misc_feat_encased, minmay_door_square
D:3:      layout_rooms
D:6:      layout_loops_cross, nicolae_ossuary_entry_false_entrances,
          grunt_ministairs_1, uniq_blork_the_orc, uniq_menkaure

Skill      XL: |  1  2  3  4  5 |
---------------+----------------+-----
Axes           | 3 4 5 |  5.9
Fighting       | 4 5 6 |  6.0
Armour         | |  3.2
Shields        | |  3.2

Action                   |  1- 3 |  4- 6 || total
-------------------------+-------+-------++-------
Melee: War axe           |    87 |   102 ||   189
Armor: Scale mail        |    40 |    70 ||   110
Dodge: Dodged            |    41 |    68 ||   109
Block: Buckler           |    17 |    29 ||    46
